 Dungeon Crawl Stone Soup version 0.31.0-11-ge490571c62 (webtiles) character file.

Game seed: 6820482169844570988

78 hawla the Ducker (level 4, 0/24 HPs)
             Began as a Deep Elf Fire Elementalist on Jan 29, 2024.
             Slain by Sigmund
             ... wielding a +0 scythe
              (9 damage)
             ... on level 3 of the Dungeon.
             The game lasted 00:05:46 (2392 turns).

hawla the Ducker (Deep Elf Fire Elementalist)       Turns: 2392, Time: 00:05:46

Health: 0/24       AC:  3    Str:  5    XL:     4   Next: 15%
Magic:  3/10       EV: 13    Int: 22    God:
Gold:   60         SH:  0    Dex: 15    Spells: 2/9 levels left

rFire   . . .        (no weapon)
rCold   . . .        (no shield)
rNeg    . . .        a - +1 robe
rPois   .            (no helmet)
rElec   .            (no cloak)
rCorr   .            (no gloves)
SInv    .            (no boots)
Will    .....        e - amulet of the acrobat
Stlth   ++           (no ring)
HPRegen 0.24/turn    (no ring)
MPRegen 0.12/turn

%: acrobat
@: hasted, very quick
A: no striking features
a: no special abilities


You were on level 3 of the Dungeon.
You visited 1 branch of the dungeon, and saw 3 of its levels.

You collected 60 gold pieces.

Inventory:

Armour
 a - a +1 robe (worn)
Jewellery
 e - an amulet of the acrobat (around neck)
Potions
 b - a potion of magic
 c - a potion of brilliance
 g - a potion of heal wounds


   Skills:
 - Level 4.0 Dodging
 - Level 2.4 Stealth
 - Level 3.0 Spellcasting
 + Level 3.4 Conjurations
 - Level 3.2 Fire Magic


You had 2 spell levels left.
You knew the following spells:

 Your Spells              Type           Power      Damage    Failure   Level
a - Foxfire               Conj/Fire      72%        2x1d7     3%          1
b - Scorch                Fire           34%        2d6       4%          2
c - Flame Wave            Conj/Fire      18%        2d7       30%         4

Your spell library contained the following spells:

 Spells                   Type           Power      Damage    Failure   Level
 Inner Flame              Hex/Fire       10%        N/A       19%         3
 Volatile Blastmotes      Fire/Tloc      20%        2d11      19%         3


Dungeon Overview and Level Annotations

Branches:
Dungeon (3/15)

Altars:

Annotations:
D:3 Sigmund


Message History

You conjure some foxfire!
Sigmund hits you from afar with a +0 scythe!
The ribbon worm bites you.
The foxfire hits the ribbon worm.
The ribbon worm is moderately wounded.
The foxfire hits the ribbon worm.
The ribbon worm is heavily wounded.
The ribbon worm expels a string of sticky webbing.
The stream of webbing misses you. Sigmund attacks as he pursues you!
Sigmund barely misses you.
Your magical contamination has completely faded away.
Sigmund points at you and mumbles some strange words.
You are confused.
You're too confused to cast spells.
Sorry, you're not good enough to have a special ability.
You're too confused to cast spells.
Sorry, you're not good enough to have a special ability.
It was a potion of haste.
You feel yourself speed up.
You're too confused to cast spells.
Sorry, you're not good enough to have a special ability.
You're too confused to move!
Sigmund casts a spell.
Sigmund flickers and vanishes!
Deactivating autopickup; reactivate with Ctrl-A.
You bump into the rock wall.
The ribbon worm bites you.
The ribbon worm expels a string of sticky webbing.
The stream of webbing misses you.
Okay, then.
You're too confused to cast spells.
Sorry, you're not good enough to have a special ability.
You're too confused to cast spells.
Sorry, you're not good enough to have a special ability.
Unknown command.
You're too confused to cast spells.
Sorry, you're not good enough to have a special ability.
You hit the ribbon worm but do no damage.
The ribbon worm is lightly wounded.
You feel less confused. Something hits you!
You die...

####### #.....#
#.....# #.....#
### #.....# ..
###.....#
######### .
#....)..#
#.....#..
#...####.#.....#
#.....#.#
#>.....{.#.w@..#
#.....#.#
###......#.....#
#.....#..
#......#####.#
#.....###
#.$....#
#.######.....##
#.....##
#......'..†...#
#.....#
########......#
#...?..
#......##
#......
######... ####


You could see a ribbon worm (catching breath).

Vanquished Creatures
  An adder (D:3)
  3 dart slugs
  2 ribbon worms (D:2)
  8 ball pythons
  An endoplasm (D:1)
  3 giant cockroaches
  7 goblins
  6 hobgoblins
  8 jackals
  3 kobolds
  4 bats
  6 rats
52 creatures vanquished.

Vanquished Creatures (others)
  117 foxfires
117 creatures vanquished.

Grand Total: 169 creatures vanquished

Notes
Turn   | Place    | Note
-------+----------+-------------------------------------------
     0 | D:1      | hawla the Deep Elf Fire Elementalist began the quest for
                  | the Orb.
     0 | D:1      | Reached XP level 1. HP: 10/10 MP: 6/6
    37 | D:1      | Reached skill level 3 in Dodging
   111 | D:1      | Reached XP level 2. HP: 10/15 MP: 5/8
   453 | D:1      | Learned a level 2 spell: Scorch
   466 | D:1      | Reached skill level 4 in Dodging
   626 | D:1      | Reached XP level 3. HP: 19/19 MP: 5/9
   810 | D:1      | Found a faded altar of an unknown god.
  2320 | D:3      | Reached XP level 4. HP: 24/24 MP: 8/10
  2325 | D:3      | Learned a level 4 spell: Flame Wave
  2369 | D:3      | Noticed Sigmund
  2392 | D:3      | Slain by Sigmund

Illustrated notes

Levels and vault maps discovered:
D:1:      elethiomel_arrival_shortcut, layout_loops_ring,
          hellmonk_ecumenical_altar_defaced_shrine, minmay_cupped
D:2:      layout_basic
D:3:      layout_basic, gammafunk_temple_overflow_arena, uniq_ijyb, uniq_sigmund

Skill      XL: |  1  2  3 |
---------------+----------+-----
Dodging        | 3 4 |  4.0
Conjurations   | 3 |  3.4
Stealth        | |  2.4
Spellcasting   | |  3.0
Fire Magic     | |  3.2

Action                     |  1- 3 |  4- 6 || total
---------------------------+-------+-------++-------
  Melee: Unarmed           |     8 |     1 ||     9
   Cast: Foxfire           |    61 |     5 ||    66
         Scorch            |    18 |     2 ||    20
    Use: Scroll            |     5 |       ||     5
         Potion            |       |     2 ||     2
 Armour: Robe              |     9 |    10 ||    19
  Dodge: Dodged            |    15 |     6 ||    21
